General information
- name: BNet
- type: Ladder team game (AT/RT)
- host: Battle.net
- saver: PapapaPwnage
map: Goldshire
- players: 4
- length: 21:37
- speed: Fast
- version: 1.24 W3XP
- replay type: Public
» download(122 KB)
Players
team 1 (loser)
10xBest_n1 (
blue | 91 APM | 1880 actions | 20:42)
3 Mountain King
2 Storm Bolt
1 Bash
3 Blood Mage
2 Siphon Mana
1 Banish
2 Paladin
1 Holy Light
1 Divine Shield
» actions
| Assign group hotkey | 33 | |
| Basic commands | 86 | |
| Build / train | 63 | |
| ESC pressed | 1 | |
| Enter build submenu | 21 | |
| Enter hero's abilities submenu | 8 | |
| Give item / drop item | 5 | |
| Right click | 718 | |
| Select / deselect | 279 | |
| Select group hotkey | 595 | |
| Use ability | 71 | |
1880 total
» units
| Peasant | 9 | |
| Footman | 5 | |
| Priest | 5 | |
| Knight | 4 | |
| Gryphon Rider | 6 | |
29 total
» upgrades
| Defend | 1 | |
| Swords | 3 | |
| Lumber Harvesting | 1 | |
| Animal War Training | 1 | |
| Priest Training | 2 | |
| Storm Hammers | 1 | |
9 total
» buildings
| Altar of Kings | 1 | |
| Farm | 14 | |
| Barracks | 1 | |
| Keep | 1 | |
| Arcane Vault | 1 | |
| Blacksmith | 1 | |
| Lumber Mill | 1 | |
| Castle | 1 | |
| Arcane Sanctum | 1 | |
| Gryphon Aviary | 1 | |
23 total
» build order
00:07 Altar of Kings
00:21 Farm
00:25 Barracks
01:02 Farm
01:55 Farm
02:49 Farm
03:26 Keep
04:29 Arcane Vault
04:32 Blacksmith
04:36 Farm
04:38 Farm
05:01 Lumber Mill
06:28 Castle
06:35 Arcane Sanctum
06:50 Farm
10:00 Farm
10:37 Gryphon Aviary
14:42 Farm
14:43 Farm
15:58 Farm
16:21 Farm
17:41 Farm
19:30 Farm
» items
| Staff of Sanctuary | 2 | |
| Scroll of Town Portal | 1 | |
| Potion of Healing | 3 | |
| Potion of Lesser Invulnerability | 3 | |
9 total
WeaVeR_CoMMaNDo (
green | 71 APM | 1523 actions | 21:33)
4 Death Knight
2 Death Coil
2 Unholy Aura
2 Lich
1 Frost Nova
1 Frost Armor
2 Crypt Lord
1 Impale
1 Spiked Carapace
» actions
| Assign group hotkey | 37 | |
| Basic commands | 169 | |
| Build / train | 50 | |
| ESC pressed | 1 | |
| Enter build submenu | 16 | |
| Enter hero's abilities submenu | 8 | |
| Give item / drop item | 3 | |
| Right click | 474 | |
| Select / deselect | 255 | |
| Select group hotkey | 432 | |
| Use ability | 78 | |
1523 total
» units
| Acolyte | 2 | |
| Ghoul | 9 | |
| Crypt Fiend | 10 | |
| Obsidian Statue | 5 | |
| Frost Wyrm | 2 | |
28 total
» upgrades
| Burrow | 1 | |
| Ghoul Frenzy | 1 | |
| Destroyer Form | 1 | |
| Web | 1 | |
4 total
» buildings
| Crypt | 1 | |
| Altar of Darkness | 1 | |
| Ziggurat | 7 | |
| Graveyard | 1 | |
| Tomb of Relics | 1 | |
| Halls of the Dead | 1 | |
| Slaughterhouse | 1 | |
| Black Citadel | 1 | |
| Sacrificial Pit | 1 | |
| Boneyard | 1 | |
16 total
» build order
00:18 Crypt
00:21 Altar of Darkness
00:32 Ziggurat
01:17 Graveyard
01:22 Tomb of Relics
02:03 Ziggurat
04:25 Halls of the Dead
05:22 Ziggurat
06:42 Ziggurat
08:23 Slaughterhouse
08:24 Black Citadel
09:46 Ziggurat
09:48 Ziggurat
13:11 Ziggurat
13:15 Sacrificial Pit
16:41 Boneyard
» items
| Rod of Necromancy | 1 | |
| Potion of Healing | 1 | |
| Orb of Corruption | 1 | |
| Potion of Lesser Invulnerability | 1 | |
| Scroll of Healing | 1 | |
5 total
team 2 (winner)

»
PapapaPwnage (
teal | 126 APM | 2714 actions | 21:37)
5 Archmage
3 Summon Water Elemental
2 Brilliance Aura
2 Paladin
1 Devotion Aura
1 Divine Shield
» actions
| Assign group hotkey | 50 | |
| Basic commands | 214 | |
| Build / train | 84 | |
| ESC pressed | 13 | |
| Enter build submenu | 38 | |
| Enter hero's abilities submenu | 7 | |
| Right click | 1202 | |
| Select / deselect | 555 | |
| Select group hotkey | 425 | |
| Use ability | 126 | |
2714 total
» units
| Peasant | 22 | |
| Footman | 21 | |
| Mortar Team | 9 | |
| Knight | 4 | |
56 total
» upgrades
| Defend | 1 | |
| Lumber Harvesting | 1 | |
| Fragmentation Shards | 1 | |
3 total
» buildings
| Altar of Kings | 1 | |
| Farm | 17 | |
| Barracks | 2 | |
| Town Hall | 3 | |
| Scout Tower | 10 | |
| Arcane Tower | 3 | |
| Lumber Mill | 1 | |
| Guard Tower | 7 | |
| Keep | 2 | |
| Arcane Vault | 1 | |
| Blacksmith | 1 | |
| Castle | 1 | |
| Workshop | 1 | |
50 total
» build order
00:07 Altar of Kings
00:09 Farm
00:27 Barracks
00:31 Barracks
01:06 Farm
01:46 Farm
03:31 Town Hall
03:53 Scout Tower
04:10 Scout Tower
04:22 Arcane Tower
04:46 Arcane Tower
05:07 Lumber Mill
05:31 Farm
05:32 Farm
05:35 Scout Tower
06:31 Scout Tower
06:35 Farm
06:41 Scout Tower
06:43 Farm
06:45 Farm
06:46 Farm
07:05 Guard Tower
07:20 Scout Tower
08:29 Guard Tower
08:29 Guard Tower
08:51 Scout Tower
09:23 Guard Tower
09:23 Guard Tower
09:53 Scout Tower
10:34 Town Hall
10:50 Guard Tower
10:55 Farm
11:54 Keep
11:55 Keep
12:55 Farm
12:56 Farm
13:04 Arcane Vault
13:41 Blacksmith
14:38 Castle
14:53 Workshop
15:01 Scout Tower
15:02 Scout Tower
15:23 Farm
15:24 Farm
15:25 Farm
16:04 Guard Tower
17:40 Town Hall
18:18 Farm
18:19 Farm
PapapaPwnage. (
purple | 57 APM | 1230 actions | 21:33)
4 Death Knight
2 Death Coil
2 Unholy Aura
2 Lich
1 Frost Nova
1 Frost Armor
» actions
| Assign group hotkey | 2 | |
| Build / train | 52 | |
| Enter build submenu | 13 | |
| Enter hero's abilities submenu | 6 | |
| Give item / drop item | 1 | |
| Right click | 833 | |
| Select / deselect | 234 | |
| Select group hotkey | 47 | |
| Use ability | 42 | |
1230 total
» units
| Acolyte | 2 | |
| Ghoul | 4 | |
| Crypt Fiend | 11 | |
| Frost Wyrm | 7 | |
24 total
» upgrades
| Creature Attack | 3 | |
| Creature Carapace | 3 | |
| Web | 1 | |
| Freezing Breath | 1 | |
8 total
» buildings
| Graveyard | 1 | |
| Crypt | 1 | |
| Ziggurat | 7 | |
| Altar of Darkness | 1 | |
| Tomb of Relics | 1 | |
| Nerubian Tower | 1 | |
| Spirit Tower | 3 | |
| Halls of the Dead | 1 | |
| Black Citadel | 1 | |
| Sacrificial Pit | 1 | |
| Boneyard | 2 | |
20 total
» build order
00:05 Graveyard
00:09 Crypt
00:39 Ziggurat
00:57 Altar of Darkness
01:44 Tomb of Relics
02:22 Ziggurat
04:23 Nerubian Tower
04:25 Spirit Tower
04:26 Halls of the Dead
05:24 Ziggurat
06:27 Spirit Tower
06:49 Black Citadel
08:11 Sacrificial Pit
09:26 Boneyard
09:27 Boneyard
10:50 Ziggurat
11:36 Ziggurat
15:32 Ziggurat
16:31 Spirit Tower
16:37 Ziggurat
» items
| Rod of Necromancy | 1 | |
| Scroll of Town Portal | 2 | |
| Orb of Corruption | 1 | |
4 total
Chat log
(00:45 / Allies) PapapaPwnage.: wow
(00:46 / Allies) PapapaPwnage: ?
(00:49 / Allies) PapapaPwnage.: gotta make vent admin
(01:03 / Allies) PapapaPwnage.: cause it doesnt work if i dont
(04:30 / All) WeaVeR_CoMMaNDo: key to win
(04:34 / All) WeaVeR_CoMMaNDo: fuck u
(06:28 / All) PapapaPwnage.: lol
(06:32 / All) WeaVeR_CoMMaNDo: papa faggot
(12:33 / All) 10xBest_n1: lol u guys dont quit
(12:44 / Allies) PapapaPwnage: WHY ashould we
(13:41 / All) WeaVeR_CoMMaNDo: b
(20:41 / All) PapapaPwnage: gg
(20:43 / All) PapapaPwnage: gtfo
(20:43 / All) PapapaPwnage: NOIW
(20:52 / All) PapapaPwnage.: fucking noobs